 Dungeon Crawl Stone Soup version 0.18.1-50-g88ac8fd (webtiles) character file.

49 lorenzova the Charmwright (level 3, -1/26 HPs)
             Began as a High Elf Skald on Oct 17, 2016.
             Slain by an adder (5 damage)
             ... on level 2 of the Dungeon.
             The game lasted 00:02:45 (1558 turns).

lorenzova the Charmwright (High Elf Skald)          Turns: 1558, Time: 00:02:45

Health: -1/26      AC:  3    Str: 12    XL:     3   Next: 53%
Magic:  7/8        EV: 11    Int: 15    God:
Gold:   98         SH:  3    Dex: 15    Spells: 1 memorised, 7 levels left

rFire  . . .     SeeInvis .     a - +0 falchion
rCold  . . .     Gourm    .     b - +0 leather armour
rNeg   . . .     Faith    .     (no shield)
rPois  .         Spirit   .     e - +0 hat
rElec  .         Dismiss  .     (no cloak)
rCorr  .         Reflect  +     (no gloves)
SustAt .         Harm     .     (no boots)
MR     .....                    m - +3 amulet of reflection
Stlth  +.........               (no ring)
                                (no ring)

@: lethally poisoned (-1 -> -5), infused, not resistant to hostile enchantments,
very unstealthy
A: no striking features
a: no special abilities


You were on level 2 of the Dungeon.
You were not hungry.

You visited 1 branch of the dungeon, and saw 2 of its levels.

You collected 98 gold pieces.

Inventory:

Hand Weapons
 a - a +0 falchion (weapon)
Armour
 b - a +0 leather armour (worn)
 e - a +0 hat (worn)
Jewellery
 m - a +3 amulet of reflection (around neck)
Scrolls
 f - a scroll of fog {unknown}
 g - 3 scrolls of identify {unknown}
 j - 2 scrolls of blinking {unknown}
 k - a scroll of recharging {unknown}
Potions
 h - a potion of might {unknown}
 i - a potion of berserk rage {unknown}
 l - a potion of magic {unknown}
 n - 2 potions of agility {unknown}
Books
 c - a book of Battle

   Spells                             Type                      Level
   a - Infusion                       Charms                       1
   b - Shroud of Golubria             Charms/Translocation         2
   c - Song of Slaying                Charms                       2
   d - Spectral Weapon                Hexes/Charms                 3
   e - Regeneration                   Charms/Necromancy            3
Comestibles
 d - a bread ration
 o - 2 chunks of flesh


   Skills:
 + Level 3.2 Fighting
 - Level 2.4 Long Blades
 - Level 0.8 Armour
 - Level 1.1 Dodging
 + Level 3.4 Spellcasting
 - Level 3.6 Charms


You had 7 spell levels left.
You knew the following spells:

 Your Spells              Type           Power        Failure   Level  Hunger
a - Infusion              Chrm           ##..         8%          1    None


Dungeon Overview and Level Annotations

Branches:
Dungeon (2/15)

Altars:
Gozag


Message History

The worm bites you! The adder bites you.
You hit the worm.
The worm is heavily wounded.
The adder bites you but does no damage. The worm bites you.
You barely miss the worm.
The worm is heavily wounded.
The adder bites you. x2
You are poisoned.
The adder poisons you!
You feel sick.
You see here a bat corpse.
Casting: Infusion
Confirm with . or Enter, or press ? or * to list all spells.
You begin infusing your attacks with magical energy.
You feel sick. The adder barely misses you. The adder closely misses you.
You miss the adder. The adder bites you.
* * * LOW HITPOINT WARNING * * *
You block the worm's attack.
You barely miss the adder. The adder barely misses you. The adder bites you.
You die...

#......# #.......
#......# #......#
#......# #......#
#......## #......#
#.......# #......#
#.......# #......#
#.......# #.....<#
########...>...#
#.......
.........@.#...#
#####+##
..<.....wS.#...#
#####..#
...........#...#
.......#
.................
#..
.................#
#..
...............###
###
.................
.
...............##
##
................ .


You could see a worm and an adder.

Vanquished Creatures
  2 adders (D:2)
  A worm (D:2)
  A dart slug (D:1)
  2 giant cockroaches
  3 hobgoblins
  2 jackals (D:1)
  3 kobolds
  A quokka (D:2)
  6 bats
  A giant newt (D:1)
  3 goblins (D:1)
  3 rats (D:1)
28 creatures vanquished.

Notes
Turn   | Place    | Note
--------------------------------------------------------------
     0 | D:1      | lorenzova the High Elf Skald began the quest for the Orb.
     0 | D:1      | Reached XP level 1. HP: 14/14 MP: 4/4
   231 | D:1      | Reached XP level 2. HP: 11/20 MP: 6/6
   859 | D:2      | Reached XP level 3. HP: 15/26 MP: 6/8
  1459 | D:2      | Found an opulent altar of Gozag.
  1558 | D:2      | Slain by an adder

Skill      XL: |  1  2 |
---------------+-------+-----
Fighting       | 3 |  3.2
Spellcasting   | 3 |  3.4
Long Blades    | |  2.4
Armour         | |  0.8
Dodging        | |  1.1
Charms         | |  3.6

Action                   || total
-------------------------++-------
Melee: Falchion          ||    94
 Cast: Infusion          ||     2
 Stab: Sleeping          ||     1
  Eat: Chunk             ||     2
Armor: Leather armour    ||    26
Dodge: Dodged            ||    55
Block: Other             ||     6
